 Dungeon Crawl Stone Soup version 0.20-a0-40-gb6e7b4f (webtiles) character file.

171 KristoblXynda the Ducker (level 5, -3/38 HPs)
             Began as a Vampire Gladiator on Nov 12, 2016.
             Slain by an ogre
             ... wielding a +0 giant club
              (24 damage)
             ... on level 4 of the Dungeon.
             The game lasted 00:04:22 (2120 turns).

KristoblXynda the Ducker (Vampire Gladiator)        Turns: 2120, Time: 00:04:23

Health: -3/38      AC:  4    Str: 14    XL:     5   Next: 26%
Magic:  5/5        EV: 14    Int: 12    God:
Gold:   159        SH:  0    Dex: 16    Spells: 0 memorised, 4 levels left

rFire  . . .     SeeInvis +     a - +0 long sword
rCold  . . .     Gourm    .     b - +0 leather armour
rNeg   . . .     Faith    .     (no shield)
rPois  .         Spirit   .     c - +0 helmet
rElec  +         Reflect  .     (no cloak)
rCorr  .         Harm     .     (no gloves)
MR     .....     Clarity  +     (no boots)
Stlth  ++........               (no amulet)
                                (no ring)
                                (no ring)

@: regenerating quickly
A: fangs 3, see invisible, agile 1, clarity, electricity resistance, unbreathing
a: no special abilities


You were on level 4 of the Dungeon.
You were very full.

You visited 1 branch of the dungeon, and saw 4 of its levels.

You collected 159 gold pieces.

Inventory:

Hand Weapons
 a - a +0 long sword (weapon)
 e - a +0 dagger of venom
Missiles
 d - 3 throwing nets (quivered)
Armour
 b - a +0 leather armour (worn)
 c - a +0 helmet (worn)
Scrolls
 g - 3 scrolls of remove curse
 h - 2 scrolls of amnesia
 j - a scroll of identify
 k - a scroll of enchant armour {unknown}
Potions
 f - 2 potions of curing
 i - 2 potions of heal wounds


   Skills:
 - Level 1.7 Fighting
 + Level 4.0 Long Blades
 - Level 2.0 Throwing
 + Level 4.7 Dodging
 + Level 4.0 Stealth


You had 4 spell levels left.
You didn't know any spells.

Dungeon Overview and Level Annotations

Branches:
Dungeon (4/15)
 Temple: D:4-7

Altars:
Nemelex Xobeh


Innate Abilities, Weirdness & Mutations

Your natural rate of healing is unusually fast.
You have razor-sharp teeth.
You have supernaturally acute eyesight. (SInv)
You can survive without breathing.
You are agile. (Dex +2)
You possess an exceptional clarity of mind.
You are resistant to electric shocks. (rElec)


Message History

Things that are here:
a flail; a halberd of venom
Okay, then.
You see here a flail.
You start resting.
You feel sick. x2
You are no longer poisoned.
An ogre comes into view. It is wielding a giant club.
An ogre is nearby!
The ogre shouts!
You hit the ogre but do no damage. You bite the ogre.
The ogre is lightly wounded.
The ogre hits you with a giant club!
You hit the ogre.
The ogre is lightly wounded.
The ogre hits you with a giant club!
* * * LOW HITPOINT WARNING * * *
You feel much better. The ogre hits you with a giant club!!
Ouch! That really hurt!
You die...

### ..# ... #.#
#.# #!# #O## #.@#
##.# #### #.#
#....#####.##
#...))....#
.....######..###.#
##. #........#
#.#..#####
#.######....##


You could see an ogre.

Vanquished Creatures
  An orc wizard (D:3)
  4 gnolls (D:4)
  4 adders
  An ooze (D:2)
  A worm (D:3)
  A dart slug (D:2)
  A leopard gecko (D:1)
  3 orcs
  A ball python (D:2)
  2 bats
  2 giant cockroaches
  7 goblins
  6 hobgoblins
  5 jackals
  6 kobolds
  2 quokkas (D:2)
  4 frilled lizards
  4 rats
55 creatures vanquished.

Notes
Turn   | Place    | Note
-------+----------+-------------------------------------------
     0 | D:1      | KristoblXynda the Vampire Gladiator began the quest for the Orb.
     0 | D:1      | Reached XP level 1. HP: 16/16 MP: 1/1
   667 | D:1      | Reached XP level 2. HP: 22/22 MP: 2/2
   676 | D:1      | Reached skill level 1 in Stealth
  1033 | D:2      | Reached XP level 3. HP: 25/27 MP: 3/3
  1059 | D:2      | Found a sparkling altar of Nemelex Xobeh.
  1624 | D:3      | Reached XP level 4. HP: 28/33 MP: 4/4
  2081 | D:4      | Reached XP level 5. HP: 38/38 MP: 5/5
  2090 | D:4      | Gained mutation: You are agile. (Dex +2) [potion of mutation]
  2090 | D:4      | Gained mutation: You possess an exceptional clarity of mind. [potion of mutation]
  2090 | D:4      | Gained mutation: You are resistant to electric shocks. (rElec) [potion of mutation]
  2113 | D:4      | Noticed an ogre
  2120 | D:4      | Slain by an ogre

Vault maps used:
D:1:      dpeg_arrival_arbitrary_c, bh_walls_and_bars
D:2:      nemelex_spade_bored_becter
D:3:      minmay_misc_feat_four_crosses
D:4:      nicolae_overflow_crystal_walls, serial_shops, shop, first_bread

Skill      XL: |  1  2  3  4  5 |
---------------+----------------+-----
Stealth        | 1 2 3 4 |  4.0
Throwing       | 2 |  2.0
Dodging        | 4 |  4.7
Long Blades    | 4 |  4.0
Fighting       | |  1.7

Action                   |  1- 3 |  4- 6 || total
-------------------------+-------+-------++-------
Melee: Long sword        |    93 |    63 ||   156
       Bite              |    12 |    10 ||    22
       Dagger            |       |     3 ||     3
Throw: Throwing net      |     1 |       ||     1
  Use: Scroll            |     5 |     1 ||     6
       Potion            |     1 |    13 ||    14
 Stab: Sleeping          |     6 |       ||     6
Armor: Leather armour    |    20 |    20 ||    40
Dodge: Dodged            |    67 |    69 ||   136
       Rpst.: Long sword |    22 |    27 ||    49
